 Dungeon Crawl Stone Soup version 0.29.1-1-gd02db6906a (webtiles) character file.

Game seed: 4982683263726836680

220 jamesp the Insei (level 5, -4/33 HPs)
             Began as an Octopode Transmuter on Sept 27, 2022.
             Was an Initiate of Cheibriados.
             Slain by Grinder (11 damage)
             ... while paralysed by Grinder
             ... on level 4 of the Dungeon.
             The game lasted 00:12:52 (5268 turns).

jamesp the Insei (Octopode Transmuter)              Turns: 5268, Time: 00:12:53

Health: -4/33      AC:  1    Str: 10    XL:     5   Next: 97%
Magic:  8/9        EV:  2    Int: 18    God:    Cheibriados [......]
Gold:   239        SH:  0    Dex: 14    Spells: 3/10 levels left

rFire   . . .      SeeInvis .     - Unarmed
rCold   . . .      Faith    .   (no shield)
rNeg    . . .      Spirit   .   (helmet currently unavailable)
rPois   .          Reflect  .   q - amulet of the acrobat
rElec   .          Harm     .   (no ring)
rCorr   .          Rampage  .   (no ring)
Will    .....                   (no ring)
Stlth   ++........              (no ring)
HPRegen 0.11/turn               (no ring)
MPRegen 0.11/turn               (no ring)
                                (no ring)
                                (no ring)

@: paralysed, appendages, slow
A: tentacle spike 3, almost no armour, amphibious, 8 rings, camouflage 1,
gelatinous body 1, (nimble swimmer 1), tentacles
a: End Transformation, Renounce Religion


You were on level 4 of the Dungeon.
You worshipped Cheibriados.
Cheibriados was noncommittal.
One of your tentacles had grown a beastly spike.
You visited 1 branch of the dungeon, and saw 4 of its levels.

You collected 239 gold pieces.

Inventory:

Missiles
 c - 32 stones
 o - 6 boomerangs
 p - 5 poisoned darts
 r - 6 silver javelins
Armour
 e - an orb of energy
Jewellery
 q - an amulet of the acrobat (around mantle)
Wands
 w - a wand of polymorph (9)
Scrolls
 b - a scroll of brand weapon {unknown}
 i - a scroll of identify {unknown}
 l - a scroll of amnesia {unknown}
 m - a scroll of enchant weapon {unknown}
 s - a scroll of vulnerability {unknown}
 t - a scroll of teleportation
Potions
 a - 3 potions of lignification
 d - a potion of mutation {unknown}
 f - a potion of might {unknown}
 g - a potion of resistance {unknown}
 h - a potion of haste {unknown}
 j - 2 potions of attraction {unknown}
 k - a potion of brilliance {unknown}
 n - a potion of degeneration {unknown}
 u - a potion of berserk rage {unknown}
 v - 2 potions of heal wounds {unknown}


   Skills:
 - Level 1.0 Fighting
 + Level 3.4 Dodging
 + Level 4.1 Unarmed Combat
 + Level 3.2 Spellcasting
 + Level 3.3 Transmutations


You had 3 spell levels left.
You knew the following spells:

 Your Spells              Type           Power      Damage    Failure   Level
a - Beastly Appendage     Tmut           30%        N/A       4%          1
b - Spider Form           Tmut/Pois      8%         N/A       24%         3
c - Ozocubu's Armour      Ice            2%         N/A       43%         3

Your spell library contained the following spells:

 Spells                   Type           Power      Damage    Failure   Level
 Wereblood                Tmut           15%        N/A       6%          2
 Dazzling Flash           Conj/Hex       4%         N/A       43%         3
 Ice Form                 Ice/Tmut       8%         N/A       63%         4
 Iskenderun's Mystic Bla  Conj/Tloc      2%         2d3       85%         4
 Metabolic Englaciation   Hex/Ice        1%         N/A       99%         5
 Simulacrum               Ice/Necr       1%         N/A       100%        6
 Starburst                Conj/Fire      1%         6d3       100%        6


Dungeon Overview and Level Annotations

Branches:
Dungeon (4/15)
 Temple: D:4-7

Altars:
Cheibriados
Fedhas
Hepliaklqana
Trog
Uskayaw
The Shining One

Annotations:
D:4 Grinder


Innate Abilities, Weirdness & Mutations

One of your tentacles has grown a beastly spike.
You cannot wear most types of armour.
You are amphibious.
You can wear up to eight rings at the same time.
Your skin changes colour to match your surroundings (Stealth+).
Your rubbery body absorbs attacks. (AC +1, EV +1)
((You are camouflaged when in or above water. (Stealth+)))
You have tentacles for arms and can constrict up to eight enemies at once.


Message History

The orc wizard is heavily wounded.
You constrict the orc wizard.
The orc wizard hits you with a +0 dagger.
You tentacle-slap the orc wizard.
You pierce the orc wizard.
You squeeze the orc wizard.
You kill the orc wizard!
Cheibriados appreciates the change of pace.
Things that are here:
a +0 dagger; a +0 robe; an orc corpse You start resting.
Magic restored.
You start resting.
Your transformation is almost over.
Your tentacle spike disappears.
HP restored.
Okay, then.
Casting: Beastly Appendage (safe; 4% risk of failure)
Confirm with . or Enter, or press ? or * to list all spells.
Okay, then.
This spell is extremely dangerous to cast!
Memorise Ozocubu's Armour, consuming 3 spell levels and leaving 3?
You start memorising the spell.
You continue memorising. x3
You finish memorising.
Spell assigned to 'c'.
Done exploring.
There is a stone staircase leading down here.
You climb downwards.
Level annotation: Grinder
There is a stone staircase leading up here.
Grinder shouts!
Casting: Beastly Appendage (safe; 4% risk of failure)
Confirm with . or Enter, or press ? or * to list all spells.
One of your tentacles grows a vicious spike.
Grinder gestures at you.
You suddenly lose the ability to move!
A quokka comes into view.
Grinder hits you!
You writhe in agony.
Grinder hits you. x2
The quokka bites you.
* * * LOW HITPOINT WARNING * * *
Grinder hits you!
You die...

#.########### #.#.........#
#.#.#######.# #.#.# ###.#
####### #.#.# ..#.##
#.....######.#.#. #.#..#
#........#...#.#. #.##.#
###........###.#.#.###.##.###
............@5...>.....#.#..
###..##...#.#r###........#.#
#.#.....#.#..............#.#
#.#.###.#....#.#.........#.#
#<5.# ........#.......###.#
##### ######.##..##..<....#
..... #.#.....# ####
#.#.###.# ..#.# .#


You could see Grinder and a quokka.

Vanquished Creatures
  A hound (D:2)
  An iguana (D:4)
  An orc wizard (D:3)
  4 adders
  A worm (D:2)
  4 dart slugs
  An orc (D:4)
  8 ball pythons
  7 bats
  6 endoplasms
  2 giant cockroaches (D:3)
  7 goblins
  7 hobgoblins
  14 jackals
  5 quokkas
  4 frilled lizards
  5 kobolds
  8 rats
86 creatures vanquished.

Notes
Turn   | Place    | Note
-------+----------+-------------------------------------------
     0 | D:1      | jamesp the Octopode Transmuter began the quest for the Orb.
     0 | D:1      | Reached XP level 1. HP: 13/13 MP: 3/3
   292 | D:1      | Reached XP level 2. HP: 14/18 MP: 3/5
   937 | D:1      | Reached XP level 3. HP: 1/23 MP: 4/6
  1474 | D:1      | Found a faded altar of an unknown god.
  2013 | D:2      | Reached XP level 4. HP: 25/28 MP: 7/7
  2630 | D:2      | Reached XP level 5. HP: 24/33 MP: 7/9
  3277 | D:3      | Learned a level 3 spell: Spider Form
  4294 | D:4      | Reached skill level 4 in Unarmed Combat
  4295 | D:4      | Noticed Grinder
  4733 | D:4      | Found a glowing golden altar of the Shining One.
  4733 | D:4      | Found a blossoming altar of Fedhas.
  4733 | D:4      | Found a snail-covered altar of Cheibriados.
  4733 | D:4      | Found a hazy altar of Hepliaklqana.
  4733 | D:4      | Found a hide-covered altar of Uskayaw.
  4734 | D:4      | Found a bloodstained altar of Trog.
  4742 | D:4      | Became a worshipper of Cheibriados the Contemplative
  4842 | D:4      | Noticed an ogre
  5208 | D:3      | Learned a level 3 spell: Ozocubu's Armour
  5264 | D:4      | Paralysed by Grinder for 5 turns
  5268 | D:4      | Slain by Grinder

Illustrated notes

Levels and vault maps discovered:
D:1:      ncdulo_halloftheorcs, layout_rooms, chequers_ecumenical_altar_twisty,
          minmay_misc_feat_iff, hex_medium
D:2:      layout_basic, serial_rivers, chequers_serial_rivers_marsh,
          chequers_serial_rivers_micro_e, chequers_serial_rivers_large_b,
          chequers_serial_rivers_micro_e
D:3:      layout_basic, dreamdust_wishing_well
D:4:      layout_basic, grunt_temple_overflow_open, minmay_temple_entry_waves,
          uniq_grinder

Skill      XL: |  1  2  3  4  5 |
---------------+----------------+-----
Transmutations | 3 |  3.3
Dodging        | 3 |  3.4
Spellcasting   | 3 |  3.2
Unarmed Combat | 4 |  4.1
Fighting       | |  1.0

Action                   |  1- 3 |  4- 6 || total
-------------------------+-------+-------++-------
Melee: Unarmed           |    81 |    98 ||   179
       Kick              |    30 |    21 ||    51
       Constrict         |    27 |    23 ||    50
       Tentacles         |    13 |    16 ||    29
       Punch             |     5 |     3 ||     8
 Cast: Beastly Appendage |    23 |    18 ||    41
  Use: Scroll            |       |     2 ||     2
 Stab: Sleeping          |     2 |     7 ||     9
Armor: Skin              |     6 |     5 ||    11
Dodge: Dodged            |    66 |    73 ||   139
